 Dungeon Crawl Stone Soup version 0.27.1-34-g3ba077fa99 (webtiles) character file.

Game seed: 10299542449402753656

74 zeram the Shield-Bearer (level 4, -1/31 HPs)
             Began as an Octopode Fighter on Jan 19, 2022.
             Slain by a phantom (8 damage)
             ... on level 3 of the Dungeon.
             The game lasted 00:03:07 (2546 turns).

zeram the Shield-Bearer (Octopode Fighter)          Turns: 2546, Time: 00:03:08

Health: -1/31      AC:  1    Str: 15    XL:     4   Next: 28%
Magic:  4/4        EV: 11    Int: 11    God:
Gold:   51         SH:  9    Dex: 11    Spells: 3/3 levels left

rFire    . . .     SeeInvis .   k - +0 dagger (venom)
rCold    . . .     Faith    .   b - +0 kite shield
rNeg     . . .     Spirit   .   (helmet restricted)
rPois    .         Reflect  .   (no amulet)
rElec    .         Harm     .   (no ring)
rCorr    .         Rampage  .   (no ring)
Will     .....                  (no ring)
Stlth    ++........             (no ring)
HPRegen  0.10/turn              (no ring)
MPRegen  0.09/turn              (no ring)
                                (no ring)
                                (no ring)

@: mighty
A: almost no armour, amphibious, 8 rings, camouflage 1, gelatinous body 1,
(nimble swimmer 1), tentacles
a: no special abilities


You were on level 3 of the Dungeon.
You visited 1 branch of the dungeon, and saw 3 of its levels.

You collected 64 gold pieces.
You spent 13 gold pieces at shops.

Inventory:

Hand Weapons
 a - a +0 trident
 k - a +0 dagger of venom (weapon)
Armour
 b - a +0 kite shield (worn)
Jewellery
 j - a ring of magical power
 n - a ring of wizardry
Potions
 c - a potion of might
 d - a potion of haste {unknown}
 e - 2 potions of attraction {unknown}
 f - a potion of cancellation {unknown}
 g - a potion of degeneration {unknown}
 i - a potion of invisibility {unknown}


   Skills:
 + Level 3.5 Fighting
 + Level 0.2 Short Blades
 - Level 2.3 Polearms
 + Level 3.4 Dodging
 * Level 3.9 Shields


You had 3 spell levels left.
You didn't know any spells.
Your spell library was empty.

Dungeon Overview and Level Annotations

Branches:
Dungeon (3/15)

Altars:

Shops:
D:1 *


Innate Abilities, Weirdness & Mutations

You cannot wear most types of armour.
You are amphibious.
You can wear up to eight rings at the same time.
Your skin changes colour to match your surroundings (Stealth+).
Your rubbery body absorbs attacks. (AC +1, EV +1)
((You are camouflaged near water. (Stealth+)))
You have tentacles for arms and can constrict up to eight enemies at once.


Message History

You are too injured to fight recklessly!
You are too injured to fight recklessly!
You are too injured to fight recklessly!
You are too injured to fight recklessly!
You are too injured to fight recklessly!
You are too injured to fight recklessly!
You are too injured to fight recklessly!
You are too injured to fight recklessly!
You are too injured to fight recklessly!
You are too injured to fight recklessly!
You are too injured to fight recklessly!
You are too injured to fight recklessly!
You are too injured to fight recklessly!
You are too injured to fight recklessly!
You are too injured to fight recklessly!
You barely miss the phantom. You squeeze the phantom!
The phantom is almost destroyed.
The phantom hits you.
The phantom blinks!
You blink.
A hobgoblin comes into view.
Found a glass ring.
The helpless hobgoblin fails to defend itself.
You hit the hobgoblin.
The hobgoblin is poisoned.
You grab the hobgoblin. You squeeze the hobgoblin.
You kill the hobgoblin!
You block the phantom's attack. x2
You closely miss the phantom.
The phantom is almost destroyed.
The phantom hits you.
The phantom blinks!
You blink.
You closely miss the phantom. Your squeeze misses the phantom.
The phantom is almost destroyed.
You block the phantom's attack.
Unknown command.
You closely miss the phantom.
The phantom is almost destroyed.
The phantom hits you.
* * * LOW HITPOINT WARNING * * *
The phantom blinks!
You blink.
You feel very mighty all of a sudden. The phantom hits you!
You die...

#.......
.#######.###
....(.......
..##........ # ###
###..#.#### #. #.#
#........# #.###.+
#.###..#.# #.....#
# #.##..#
####@W##### #.# ..
###.=..##.# #.# ..#
#.§§##.##.#####.#.#
#
#..###.##.#.......#
######.##§......!##
###.)..§..?#####
#.........###
#............
#>........##.#


You could see a phantom.

Vanquished Creatures
  3 adders (D:2)
  3 dart slugs (D:1)
  5 bats
  2 endoplasms (D:1)
  2 giant cockroaches (D:1)
  5 goblins (D:1)
  4 hobgoblins
  6 kobolds
  3 ball pythons
  2 frilled lizards
  7 rats
42 creatures vanquished.

Notes
Turn   | Place    | Note
-------+----------+-------------------------------------------
     0 | D:1      | zeram the Octopode Fighter began the quest for the Orb.
     0 | D:1      | Reached XP level 1. HP: 16/16 MP: 1/1
   241 | D:1      | Reached XP level 2. HP: 21/21 MP: 2/2
   878 | D:1      | Reached XP level 3. HP: 26/26 MP: 3/3
   879 | D:1      | Found Cirim's Assorted Antiques.
   891 | D:1      | Bought a pink potion for 13 gold pieces
  1839 | D:2      | Found a faded altar of an unknown god.
  2262 | D:2      | Reached XP level 4. HP: 26/31 MP: 4/4
  2520 | D:3      | Noticed a phantom
  2546 | D:3      | Slain by a phantom

Illustrated notes

Levels and vault maps discovered:
D:1:      grunt_arrival_lava_bath, layout_basic, serial_shops,
          nicolae_shop_trees
D:2:      layout_basic, chequers_ecumenical_altar_lobes, serial_bayou_lake_a
D:3:      minmay_recursive_quarters, layout_rooms, grunt_gozag_breadcrumbs,
          eino_tiny_chamber, uniq_terence, uniq_ijyb

Action                   |  1- 3 |  4- 6 || total
-------------------------+-------+-------++-------
Melee: Trident           |    57 |       ||    57
       Constrict         |    16 |     2 ||    18
       Tentacles         |     7 |     6 ||    13
       Dagger            |    14 |    29 ||    43
  Use: Scroll            |       |     5 ||     5
       Potion            |       |     1 ||     1
 Stab: Sleeping          |     9 |     1 ||    10
Armor: Skin              |     5 |     2 ||     7
Dodge: Dodged            |    20 |    12 ||    32
Block: Kite shield       |    17 |    12 ||    29
